AoeStats
← Eugenius

Arena

507354220Analyzed
4v4 RM · 15d ago on Sep 17, 2026· 51m 11s· 8 players
Game mode
Random Map
Map size
Large (8 player)
Population
200
Speed
Normal
Resources
Standard
Victory
Conquest
Starting age
Dark Age
Ending age
Imperial Age
RankedLock teamsTeams togetherTeam positionsShared explorationLock speedFull tech treeHidden civsTurbo modeCheats
Victory
Defeat
🇹🇷 Italians · Türkiye
1796
+10
🇹🇷 Mongols · Türkiye
1795
+11
🇹🇷 Khmer · Türkiye
1781
+11
🇨🇿 Magyars · Czechia
1648
+17
🇵🇪 Magyars · Peru
1681
-13
🇲🇽 Gurjaras · Mexico
1668
-12
🇲🇽 Spanish · Mexico
1664
-12
🇨🇴 Italians · Colombia
1658
-12
Franczesco
9:45 Feudal Age
13:37 Castle Age
11:56 Double-Bit Axe
12:40 Horse Collar
12:56 Stone Mining
13:01 Horse Collar
17:08 Gold Mining
20:01 Scale Barding Armor
21:27 Chain Barding Armor
24:10 Loom
27:55 Bloodlines
29:10 Fletching
47:36 Wheelbarrow
FeelMySpike
9:48 Feudal Age
13:38 Castle Age
12:31 Double-Bit Axe
18:51 Horse Collar
20:10 Fletching
21:49 Bodkin Arrow
23:36 Padded Archer Armor
25:45 Wheelbarrow
24:59 Loom
26:14 Ballistics
26:47 Town Watch
28:18 Gold Mining
32:48 Imperial Age
30:36 Hand Cart
31:10 Leather Archer Armor
32:57 Fortified Wall
34:10 Bracer
34:54 Conscription
35:47 Ring Archer Armor
36:19 Chemistry
35:26 Capped Ram
36:12 Stone Mining
36:06 Elite Genoese Crossbowman
43:48 Onager
45:09 Scale Mail Armor
45:20 Forging
45:56 Arson
46:12 Squires
46:28 Chain Mail Armor
46:18 Scale Barding Armor
47:53 Iron Casting
49:20 Plate Mail Armor
51:30 Blast Furnace
51:40 Heavy Plow
FNUL
10:19 Feudal Age
13:18 Castle Age
12:26 Double-Bit Axe
12:22 Horse Collar
14:13 Bow Saw
20:06 Crossbowman
21:39 Heavy Plow
22:50 Fletching
23:11 Gold Mining
24:29 Bodkin Arrow
27:32 Gold Shaft Mining
29:06 Wheelbarrow
29:21 Wheelbarrow
31:18 Imperial Age
29:58 Wheelbarrow
29:27 Padded Archer Armor
29:51 Ballistics
30:24 Leather Archer Armor
30:30 Stone Mining
31:31 Coinage
31:22 Arbalester
32:02 Bracer
33:26 Chemistry
33:44 Ring Archer Armor
34:45 Conscription
34:54 Conscription
37:24 Scale Barding Armor
37:39 Masonry
37:06 Light Cavalry
37:56 Bloodlines
37:57 Forging
Apocalyptos
10:57 Feudal Age
12:04 Double-Bit Axe
12:00 Horse Collar
14:29 Castle Age
15:27 Bow Saw
15:18 Heavy Plow
17:29 Loom
33:37 Wheelbarrow
33:48 Fortified Wall
33:30 Town Watch
38:37 Imperial Age
36:07 Fletching
36:41 Ballistics
36:13 Gold Mining
36:39 Hand Cart
36:16 Stone Mining
37:09 Bodkin Arrow
38:56 Gold Shaft Mining
39:16 Stone Shaft Mining
38:54 Padded Archer Armor
39:24 Bracer
39:15 Elite Mangudai
41:08 Bloodlines
40:58 Husbandry
41:26 Parthian Tactics
42:17 Leather Archer Armor
42:08 Scale Barding Armor
41:24 Light Cavalry
42:12 Thumb Ring
42:21 Capped Ram
44:41 Chain Barding Armor
44:32 Forging
43:43 Hussar
44:54 Conscription
45:35 Chemistry
45:56 Coinage
47:29 Drill
47:52 Iron Casting
47:16 Siege Ram
49:05 Banking
50:12 Blast Furnace
50:42 Siege Engineers
ELEG | IronLeg
8:56 Feudal Age
10:20 Double-Bit Axe
12:29 Gold Mining
15:41 Fletching
16:31 Padded Archer Armor
23:09 Castle Age
23:12 Crossbowman
23:48 Bodkin Arrow
24:30 Leather Archer Armor
24:15 Loom
25:07 Wheelbarrow
25:21 Ballistics
25:46 Thumb Ring
50:17 Imperial Age
52:07 Chemistry
§Y¶# Ä
9:02 Feudal Age
8:43 Loom
10:02 Horse Collar
16:16 Castle Age
20:04 Husbandry
30:29 Double-Bit Axe
32:27 Forging
35:48 Scale Barding Armor
44:45 Bloodlines
46:23 Chain Barding Armor
46:39 Iron Casting
48:35 Wheelbarrow
47:54 Fletching
48:19 Gold Mining
48:19 Stone Mining
48:33 Padded Archer Armor
51:28 Imperial Age
loco_angel
10:34 Feudal Age
10:22 Loom
11:51 Horse Collar
14:17 Castle Age
12:44 Double-Bit Axe
23:21 Bow Saw
25:03 Devotion
26:24 Padded Archer Armor
28:35 Husbandry
32:53 Imperial Age
31:02 Fletching
31:13 Horse Collar
32:43 Leather Archer Armor
31:51 Elite Skirmisher
32:41 Bodkin Arrow
33:58 Conscription
35:02 Ring Archer Armor
34:47 Bracer
37:40 Bloodlines
37:02 Light Cavalry
39:01 Chemistry
39:42 Wheelbarrow
38:52 Town Watch
39:20 Thumb Ring
40:28 Scale Barding Armor
40:34 Forging
41:50 Ballistics
43:10 Hoardings
45:35 Hand Cart
46:15 Heavy Plow
47:02 Iron Casting
47:28 Chain Barding Armor
48:45 Blast Furnace
50:31 Two-Man Saw
50:10 Plate Barding Armor
49:20 Hussar
Eugenius
10:22 Feudal Age
11:19 Horse Collar
11:25 Double-Bit Axe
12:40 Bloodlines
17:05 Scale Barding Armor
26:54 Castle Age
26:56 Light Cavalry
28:01 Chain Barding Armor
30:26 Husbandry
Connection lost

Rejoining the realm…

Still unreachable

The connection could not be restored.

Session expired

The server has moved on; the page needs a fresh start.